 Dungeon Crawl Stone Soup version 0.30.0-29-ga12c61a403 (webtiles) character file.

Game seed: 4791053111358851544

21 H0rd4k the Charlatan (level 3, 0/26 HPs)
             Began as a Human Artificer on June 21, 2023.
             Succumbed to an adder's poison
             ... on level 2 of the Dungeon.
             The game lasted 00:01:04 (322 turns).

H0rd4k the Charlatan (Human Artificer)               Turns: 322, Time: 00:01:04

Health: 0/26       AC:  3    Str: 12    XL:     3   Next: 2%
Magic:  3/3        EV: 11    Int: 13    God:
Gold:   14         SH:  0    Dex: 13    Spells: 2/2 levels left

rFire   . . .        a - +0 club
rCold   . . .        (no shield)
rNeg    . . .        b - +0 leather armour
rPois   .            (no helmet)
rElec   .            (no cloak)
rCorr   .            (no gloves)
SInv    .            (no boots)
Will    .....        (no amulet)
Stlth   +            (no ring)
HPRegen 0.24/turn    (no ring)
MPRegen 0.08/turn

%: no passive effects
@: lethally poisoned (0 -> -2), hasted, invisible, very quick
A: no striking features
a: no special abilities


You were on level 2 of the Dungeon.
You visited 1 branch of the dungeon, and saw 2 of its levels.

You collected 14 gold pieces.

Inventory:

Hand Weapons
 a - a +0 club (weapon)
Armour
 b - a +0 leather armour (worn)
Wands
 c - a wand of flame (15) (quivered)
 d - a wand of charming (15)
 e - a wand of iceblast (5)
Scrolls
 f - a scroll of fear {unknown}
 h - a scroll of noise {unknown}
Potions
 i - a potion of haste


   Skills:
 + Level 1.0 Fighting
 + Level 0.3 Maces & Flails
 - Level 2.0 Armour
 + Level 1.1 Dodging
 + Level 1.0 Stealth
 + Level 3.8 Evocations


You had 2 spell levels left.
You didn't know any spells.
Your spell library was empty.

Dungeon Overview and Level Annotations

Branches:
Dungeon (1/15)

Altars:


Message History

The adder is almost dead.
The adder bites you. The adder bites you but does no damage.
You closely miss the adder.
The adder is severely wounded.
The adder bites you but does no damage. The adder misses you.
You hit the adder but do no damage.
The adder is severely wounded.
The adder barely misses you. The adder bites you.
You closely miss the adder.
The adder is severely wounded.
The adder bites you.
You are poisoned.
The adder poisons you!
You hit the adder.
You kill the adder!
* * * LOW HITPOINT WARNING * * *
You feel very sick. The quokka bites you.
* * * LOW HITPOINT WARNING * * *
You have reached level 3!
Your experience leads to an increase in your attributes!
Increase (S)trength, (I)ntelligence, or (D)exterity?
You feel clever. x2
It was a potion of haste.
You feel yourself speed up.
* * * LOW HITPOINT WARNING * * *
You feel sick. The quokka barely misses you.
It was a potion of invisibility.
You fade into invisibility!
The quokka closely misses you.
You barely miss the quokka.
* * * LOW HITPOINT WARNING * * *
You feel sick. The quokka misses you.
You hit the quokka but do no damage.
* * * LOW HITPOINT WARNING * * *
You feel sick.
The quokka twitches its whiskers.
The quokka barely misses you.
You hit the quokka.
The quokka is heavily wounded.
You die...

... ### #.# #>. #..
..# #.. #.# #.# #.#
#.####.# #.# #.#..#.#
#.# #.#..#.# #.#
#....#.## #@# .##
###...†.####r#####...#
####..#.............
##................##
#...........#######
#..####..####
######........#
.....##.####).#
.###.#........#


You could see a quokka (unable to see you).

Vanquished Creatures
  An adder (D:2)
  2 goblins (D:1)
  2 hobgoblins (D:1)
  3 kobolds
  A ball python (D:1)
  2 bats
11 creatures vanquished.

Notes
Turn   | Place    | Note
-------+----------+-------------------------------------------
     0 | D:1      | H0rd4k the Human Artificer began the quest for the Orb.
     0 | D:1      | Reached XP level 1. HP: 15/15 MP: 1/1
   111 | D:1      | Reached XP level 2. HP: 19/21 MP: 2/2
   167 | D:1      | You fall into a shaft and drop 1 floor!
   318 | D:2      | Reached XP level 3. HP: 3/26 MP: 3/3
   320 | D:2      | HP: 1/26 [poisoned by an adder]
   322 | D:2      | Succumbed to an adder's poison

Illustrated notes

Levels and vault maps discovered:
D:1:      dpeg_arrival_yet_another_circle, layout_basic
D:2:      layout_basic, basic_altar

Action                     || total
---------------------------++-------
  Melee: Club              ||    63
    Use: Potion            ||     2
   Stab: Sleeping          ||     1
 Armour: Leather armour    ||    19
  Dodge: Dodged            ||    61
